 Dungeon Crawl Stone Soup version 0.23-a0-143-g1adec7b (webtiles) character file.

193195 Noname the Nimble (level 18, -2/117 HPs)
             Began as an Octopode Ice Elementalist on Sept 4, 2018.
             Was the Champion of Hepliaklqana.
             Killed from afar by a starcursed mass (11 damage)
             ... with an accursed screaming
             ... on level 3 of the Abyss on Sept 6, 2018.
             The game lasted 03:37:46 (62330 turns).

Noname the Nimble (Octopode Ice Elementalist)      Turns: 62330, Time: 03:37:47

Health: -2/117     AC:  1    Str:  8    XL:     18   Next: 26%
Magic:  13/27      EV: 23    Int: 23    God:    Hepliaklqana [******]
Gold:   856        SH:  5    Dex: 14    Spells: 2/29 levels left

rFire    + + .     SeeInvis +   a - +9 demon whip (drain)
rCold    . . .     Gourm    +   o - +0 buckler
rNeg     + + .     Faith    .   (helmet restricted)
rPois    .         Spirit   .   L - amulet "Zunupp" {Gourm rN+}
rElec    .         Reflect  .   R - ring of positive energy
rCorr    .         Harm     .   y - ring of flight
MR       +....                  z - ring of protection from fire
Stlth    ++++++....             G - ring "Zihelise" {+Blink SInv}
HPRegen  0.29/turn              s - +1 ring of evasion
MPRegen  0.20/turn              E - ring of protection from fire
                                h - +5 ring of slaying
                                K - +3 ring of slaying

@: about to teleport, studying Stealth
A: almost no armour, stealthy swim, amphibious, 8 rings, constrict 8, reduced
essence, camouflage 1, gelatinous body 1
}: 1/15 runes: decaying
a: Recall Ancestor, Ancestor Identity, Transference, Idealise, Renounce
Religion, Evoke Blink, Evoke Flight


You were on level 3 of the Abyss.
You worshipped Hepliaklqana.
Hepliaklqana was exalted by your worship.
You were full.

You visited 6 branches of the dungeon, and saw 30 of its levels.
You visited the Abyss 1 time.
You also visited: Volcano.

You collected 3119 gold pieces.
You spent 2263 gold pieces at shops.

Inventory:

Hand Weapons
 a - a +9 demon whip of draining (weapon)
 c - a +9 blowgun
Missiles
 p - a throwing net {!f =f}
 w - 884 arrows
 V - 79 poisoned needles
 Z - 7 curare-tipped needles
Armour
 o - a +0 buckler (worn)
Magical Staves
 b - an uncursed staff of conjuration {!a}
Jewellery
 h - a +5 ring of slaying (on tentacle)
 s - a +1 ring of evasion (on tentacle)
 y - a ring of flight (right tentacle)
 z - a ring of protection from fire (on tentacle)
 E - a ring of protection from fire (on tentacle)
 G - the ring "Zihelise" (on tentacle) {+Blink SInv}
   (You found it on level 6 of the Lair of Beasts)

   [ring of see invisible]

   It lets you see invisible.
   It lets you blink.
 K - a +3 ring of slaying (on tentacle)
 L - the amulet "Zunupp" (around mantle) {Gourm rN+}
   (You found it on level 14 of the Dungeon)

   [amulet of the gourmand]

   It allows you to eat raw meat even when not hungry.
   It protects you from negative energy.
 R - a ring of positive energy (left tentacle)
 S - an uncursed ring of resist corrosion
Wands
 e - a wand of scattershot (5)
 k - a wand of disintegration (9)
 x - a wand of enslavement (11)
 D - a wand of acid (41)
 F - a wand of flame (22)
 M - a wand of clouds (11)
 T - a wand of polymorph (30)
 U - a wand of iceblast (16)
 X - a wand of paralysis (43)
Scrolls
 d - 17 scrolls of remove curse
 f - a scroll of amnesia
 q - 10 scrolls of magic mapping
 r - 2 scrolls of vulnerability
 u - 2 scrolls of fog
 v - 4 scrolls of fear
 J - 4 scrolls of identify
 P - 2 scrolls of enchant armour
 Q - 4 scrolls of immolation {!r}
Potions
 g - 3 potions of agility
 i - 3 potions of resistance
 j - 4 potions of curing
 l - 3 potions of ambrosia
 t - 3 potions of might
 B - 3 potions of invisibility
 C - a potion of cancellation
 H - 3 potions of heal wounds
 I - 2 potions of magic
 N - 2 potions of brilliance
 O - 7 potions of lignification
 Y - 2 potions of haste
Books
 A - a manual of Stealth
Miscellaneous
 W - a crystal ball of energy
Comestibles
 m - 31 rations


   Skills:
 - Level 13.7 Fighting
 - Level 9.8 Maces & Flails
 - Level 13.8 Dodging
 - Level 12.5 Stealth
 - Level 4.1 Shields
 + Level 6.1 Spellcasting
 - Level 10.0 Conjurations
 - Level 4.5 Hexes
 - Level 3.5 Charms
 - Level 7.3 Summonings
 * Level 7.8 Necromancy
 - Level 2.5 Translocations
 - Level 3.0 Transmutations
 - Level 10.0 Ice Magic
 * Level 7.8 Earth Magic
 - Level 5.5 Invocations
 - Level 3.0 Evocations


You had 2 spell levels left.
You knew the following spells:

 Your Spells              Type           Power        Failure   Level  Hunger
a - Freeze                Ice            ####         1%          1    None
b - Ozocubu's Armour      Chrm/Ice       #####...     1%          3    #......
c - Summon Ice Beast      Ice/Summ       #####...     2%          4    ###....
d - Throw Icicle          Conj/Ice       ######..     1%          4    ###....
e - Passwall              Tmut/Erth      ####....     1%          2    None
f - Summon Butterflies    Summ           #####...     1%          1    None
g - Apportation           Tloc           ###...       3%          1    None
h - Tukima's Dance        Hex            ####....     3%          3    #......
i - Sticks to Snakes      Tmut           ###.....     3%          2    None
j - Animate Skeleton      Necr           N/A          1%          1    None
k - Borgnjor's Vile Clut  Necr/Erth      #####.....   10%         5    #####..

Your spell library contained the following spells:

 Spells                   Type           Power        Failure   Level  Hunger
 Confusing Touch          Hex            ####..       1%          1    None
 Corona                   Hex            ####...      1%          1    None
 Infusion                 Chrm           ###.         1%          1    None
 Magic Dart               Conj           ####         1%          1    None
 Sandblast                Erth           #####.       1%          1    None
 Summon Small Mammal      Summ           ####         1%          1    None
 Ensorcelled Hibernation  Hex/Ice        #####.       1%          2    None
 Searing Ray              Conj           ######       1%          2    None
 Throw Frost              Conj/Ice       ######       1%          2    None
 Beastly Appendage        Tmut           ###...       2%          1    None
 Shroud of Golubria       Chrm/Tloc      ###.......   3%          2    None
 Song of Slaying          Chrm           ###.....     3%          2    None
 Dazzling Spray           Conj/Hex       #####.       1%          3    #......
 Stone Arrow              Conj/Erth      #####.       1%          3    #......
 Iskenderun's Mystic Bla  Conj           ######..     1%          4    ###....
 Regeneration             Chrm/Necr      ####......   2%          3    #......
 Confuse                  Hex            ####....     3%          3    #......
 Spectral Weapon          Hex/Chrm       ####....     4%          3    #......
 Fulminant Prism          Conj/Hex       #####.....   4%          4    ###....
 Force Lance              Conj/Tloc      #####...     6%          4    ###....
 Ice Form                 Ice/Tmut       #####...     6%          4    ###....
 Lesser Beckoning         Tloc           ###.......   9%          3    #......
 Petrify                  Tmut/Erth      ####....     9%          4    ###....
 Lee's Rapid Deconstruct  Erth           #####.....   10%         5    #####..
 Spider Form              Tmut/Pois      ##........   14%         3    #......
 Ignite Poison            Fire/Tmut/Pois ##......     17%         3    #......
 Fireball                 Conj/Fire      ####......   30%         5    #####..
 Shadow Creatures         Summ           N/A          54%         6    ######.
 Blade Hands              Tmut           ###.......   56%         5    #####..
 Silence                  Hex/Air        ###.......   67%         5    #####..
 Alistair's Intoxication  Tmut/Pois      ##......     77%         5    #####..
 Bolt of Fire             Conj/Fire      ####......   86%         6    ######.
 Darkness                 Hex            ####......   89%         6    ######.
 Invisibility             Hex            ####....     89%         6    ######.
 Ring of Flames           Chrm/Fire      ###.......   100%        7    #######
 Ignition                 Fire           #.........   100%        8    #######


Dungeon Overview and Level Annotations

Branches:
Dungeon (15/15)            Temple (0/1) D:4            Lair (6/6) D:11
  Swamp (4/4) Lair:3       Spider (1/4) Lair:2        Slime (0/5) Lair:6
    Orc (2/2) D:9             Elf (0/3) Orc:2        Vaults (2/5) D:14
 Depths (0/5) D:15
  Crypt: Vaults:2-3

Altars:
Ashenzari
Cheibriados
Elyvilon
Fedhas
Hepliaklqana
Kikubaaqudgha
Okawaru
Qazlal
Ru
Sif Muna
Trog
Uskayaw
Xom
The Shining One
Jiyva

Shops:
D:11 *   Orc:2 [*?:}   Vaults:1 (

Annotations:
D:3 2 transporters
Swamp:1 exclusion: shambling mangrove
Swamp:2 exclusion: swamp dragon
Swamp:3 exclusion: thorn hunter
Spider:1 exclusion: hog
Vaults:1 Asterion


Innate Abilities, Weirdness & Mutations

You cannot wear most types of armour.
You are very stealthy in the water. (Stealth+)
You are amphibious.
You can wear up to eight rings at the same time.
You can use your tentacles to constrict eight enemies at once.
Your skin changes colour to match your surroundings (Stealth+).
Your rubbery body absorbs attacks. (AC +1, EV +1)
Your life essence is reduced to manifest your ancestor. (-10% HP)


Message History

Your body is wracked with pain!
* * * LOW HITPOINT WARNING * * *
Msizi hits the apocalypse crab with a broad axe of flaming.
Msizi hits the spatial maelstrom with a broad axe of flaming!
Msizi burns the spatial maelstrom.
You take 17 damage, and have 29/117 hp.
You now have 13/27 mp.
A starcursed mass splits.
A chorus of shrieks assaults your mind.
* * * LOW HITPOINT WARNING * * *
Found a gateway leading out of the Abyss.
You see here a wand of paralysis (16).
You take 8 damage, and have 21/117 hp.
X - a wand of paralysis (43) (gained 16 charges)
The spatial maelstrom hits you!
* * * LOW HITPOINT WARNING * * *
Space bends around you.
* * * LOW HITPOINT WARNING * * *
The spatial maelstrom barely misses you.
A chorus of shrieks assaults your mind.
You die...

..∩.. ..#.......
##...#.... ....
#..'#... .. . .
#...... . .. . #.....
.. .. .######...## ##.
. ....
#.#.D...v@#....≈ ..
#.R.t#.....# .
..v.....X..## #
............#..≈
.......#...X.....#≈.≈#
. #...
#..XX.....#.#...
'....##'##.##... # .#
. #..# ##.......#.. #
..# . #..#∩...#...


You could see the friendly Msizi the knight, a bone dragon, 4 starcursed masses,
a spatial maelstrom and an apocalypse crab.

Vanquished Creatures
  Rupert (Orc:2)
  2 vault wardens (Vaults:1)
  An ironheart preserver (Vaults:2)
  A fire dragon (Vaults:1)
  A yaktaur captain (Vaults:2)
  A great orb of eyes (Vaults:2)
  A great orb of eyes (shapeshifter) (D:15)
  4 hydras
  6 two-headed ogres
  4 centaur warriors
  A catoblepas (Lair:6)
  3 ogre magi
  A tengu warrior (D:15)
  5 alligators
  Sonja (Lair:3)
  A deep elf knight (Vaults:1)
  3 unseen horrors
  A skeletal warrior (D:14)
  A death drake (Swamp:4)
  A flayed ghost (Vaults:2)
  2 spriggan druids
  A wizard (Vaults:1)
  A swamp dragon (Swamp:3)
  3 ironbrand convokers (Vaults:1)
  A deep elf archer (Vaults:2)
  2 wolf spiders
  7 ugly things
  7 deep elf magi
  A cyclops (D:15)
  7 elephants
  A black mamba (shapeshifter) (D:15)
  A black mamba (Lair:4)
  A centaur zombie (D:13)
  23 spiny frogs
  A gargoyle (D:10)
  A centaur skeleton (D:12)
  4 komodo dragons
  A kobold demonologist (D:15)
  A swamp worm zombie (Swamp:4)
  7 yaktaurs
  A hydra zombie (Swamp:4)
  A demonic crawler (Lair:2)
  A tengu conjurer (D:15)
  2 polar bears (Lair:6)
  3 meliai
  4 hornets
  A queen bee (Lair:5)
  A troll (D:12)
  19 blink frogs
  Grinder (D:6)
  2 spectral swamp dragons (Swamp:4)
  A tyrant leech (Swamp:4)
  Prince Ribbit (D:6)
  7 slime creatures
  4 bog bodies
  2 alligator zombies (Swamp:4)
  4 hippogriffs
  A spriggan (Swamp:2)
  A yak (shapeshifter) (D:15)
  2 tarantellas (Spider:1)
  2 shadows
  2 redbacks (Spider:1)
  9 yaks
  A wyvern (Lair:4)
  A steam dragon (D:14)
  3 hogs (D:7)
  18 vampire mosquitoes
  A warg (Orc:1)
  10 swamp worms
  4 insubstantial wisps (Swamp:4)
  A naga (shapeshifter) (Vaults:1)
  8 water moccasins
  20 orc warriors
  3 porcupines
  5 ice beasts
  3 sky beasts
  A black bear (D:9)
  A slave (D:8)
  5 phantoms
  2 swamp drakes
  4 swamp dragon zombies (Swamp:4)
  17 ogres
  14 centaurs
  7 crocodiles
  4 big kobolds
  17 bullfrogs
  A gnoll sergeant (D:7)
  4 scorpions
  A wyvern skeleton (D:10)
  6 killer bees (Lair:5)
  3 howler monkeys
  An electric eel (Lair:6)
  3 crimson imps
  4 jellies (D:7)
  4 hounds
  12 orc priests
  12 orc wizards
  A gnoll shaman (D:9)
  6 worker ants
  2 iguanas
  A hound skeleton (D:8)
  A howler monkey zombie (D:11)
  5 gnolls
  14 adders
  A swamp drake zombie (Swamp:4)
  4 shadow imps
  4 oozes
  2 worms
  A dart slug (D:2)
  9 leopard geckos
  76 orcs
  12 bats
  2 giant cockroaches
  4 hobgoblins
  22 jackals
  7 quokkas
  2 ball pythons
  11 frilled lizards
  10 goblins
  2 goblin skeletons (D:8)
  2 hobgoblin zombies (D:8)
  24 kobolds
  A kobold skeleton (D:8)
  A kobold zombie (D:8)
  A leopard gecko zombie (D:5)
  An orc skeleton (D:8)
  An orc zombie (D:8)
  A quokka skeleton (D:5)
  10 rats
627 creatures vanquished.

Vanquished Creatures (collateral kills)
  A thorn hunter (Swamp:4)
  An orc warlord (Orc:2)
  A ghoul (Vaults:2)
  An ironheart preserver (Vaults:1)
  A stone giant (Vaults:1)
  A deep elf annihilator (Vaults:1)
  The ghost of Zafes the Cleaver, a journeyman MiBe of Trog (Lair:3)
  A minotaur (Lair:3)
  Snorg (Lair:5)
  A yaktaur captain (Vaults:2)
  A catoblepas (D:15)
  2 ghost crabs
  8 hydras
  2 centaur warriors (D:13)
  2 ogre magi
  4 alligators
  11 two-headed ogres
  A tengu warrior (D:14)
  2 deep elf knights
  A hell knight (Volcano)
  3 unseen horrors
  Pikel (D:8)
  2 orc knights (Orc:2)
  5 swamp dragons (Swamp:4)
  A shambling mangrove (Swamp:4)
  2 phantasmal warriors (Swamp:4)
  An orb spider (Spider:1)
  An ironbrand convoker (Vaults:2)
  A deep elf archer (Vaults:1)
  16 ugly things
  A cyclops (D:12)
  2 wolf spiders
  20 slime creatures
  An orc sorcerer (Orc:2)
  7 elephants
  2 centaur skeletons (D:15)
  12 spiny frogs
  2 rime drakes (Lair:2)
  A swamp worm zombie (Swamp:4)
  4 komodo dragons
  3 yaktaurs
  A demonic crawler (Lair:2)
  A freezing wraith (Vaults:1)
  A hydra zombie (Swamp:4)
  3 meliai (Lair:5)
  A troll (D:11)
  3 polar bears (Lair:6)
  5 hornets
  3 alligator zombies (Swamp:4)
  13 tyrant leeches
  7 bog bodies
  4 spectral swamp dragons (Swamp:4)
  15 blink frogs
  A centaur simulacrum (D:13)
  A redback (Spider:1)
  A hippogriff (D:11)
  8 yaks
  5 spriggans
  A wraith (D:14)
  Sigmund (D:5)
  A wyvern (D:11)
  A hog (D:7)
  A human (D:7)
  8 vampire mosquitoes
  A basilisk (Lair:4)
  2 hungry ghosts
  An insubstantial wisp (Swamp:4)
  6 swamp worms
  6 wargs
  An acid dragon (D:14)
  2 water moccasins
  2 eyes of draining
  2 sky beasts
  A swamp dragon zombie (Swamp:4)
  15 orc warriors
  7 ice beasts
  2 swamp drakes
  2 phantoms
  An ettin simulacrum (Vaults:1)
  4 ogres
  3 wolves (Lair:3)
  9 centaurs
  A crocodile (D:14)
  3 big kobolds
  4 bullfrogs
  A wyvern zombie (D:13)
  A gnoll sergeant (D:8)
  A scorpion (Lair:2)
  18 killer bees
  2 howler monkeys
  4 jellies
  5 orc priests
  5 worker ants
  9 orc wizards
  A howler monkey zombie (D:7)
  4 adders
  6 gnolls
  A swamp drake zombie (Swamp:4)
  3 shadow imps
  5 worms
  3 dart slugs
  A leopard gecko (D:3)
  28 orcs
  A bat (D:3)
  2 giant cockroaches
  2 goblins (D:2)
  3 hobgoblins (D:2)
  5 jackals
  2 quokkas
  9 kobolds
  A kobold skeleton (D:8)
  An orc zombie (D:8)
  A quokka skeleton (D:3)
  A quokka zombie (D:7)
  A rat (D:3)
  2 fungi
  A plant (Lair:6)
423 creatures vanquished.

Vanquished Creatures (others)
  2 two-headed ogres
  A hornet (Swamp:4)
  A slave (D:8)
  4 dancing weapons
  28 knights
  16 ancestors
  A giant cockroach (D:8)
  A hobgoblin zombie (D:8)
  A bush (Lair:6)
  23 fungi
  A lurking horror (Abyss:3)
  53 plants
  7 toadstools (D:7)
139 creatures vanquished.

Grand Total: 1189 creatures vanquished

Notes
Turn   | Place    | Note
-------+----------+-------------------------------------------
     0 | D:1      | Noname the Octopode Ice Elementalist began the quest for
                  | the Orb.
     0 | D:1      | Reached XP level 1. HP: 11/11 MP: 3/3
   239 | D:1      | Reached XP level 2. HP: 16/18 MP: 1/5
   581 | D:1      | Reached skill level 1 in Fighting
   789 | D:1      | Reached XP level 3. HP: 14/23 MP: 2/6
  1498 | D:2      | Found a white marble altar of Elyvilon.
  1503 | D:2      | Found a transporter.
  1520 | D:2      | Found a hazy altar of Hepliaklqana.
  1778 | D:2      | Reached XP level 4. HP: 29/29 MP: 3/7
  1783 | D:2      | Learned a level 3 spell: Ozocubu's Armour
  2141 | D:2      | Found a shattered altar of Ashenzari.
  2263 | D:2      | Became a worshipper of Hepliaklqana the Forgotten
  2791 | D:2      | Found a transporter.
  3211 | D:3      | Reached XP level 5. HP: 31/31 MP: 6/8
  3220 | D:3      | Learned a level 4 spell: Summon Ice Beast
  4637 | D:2      | Reached skill level 1 in Summonings
  4693 | D:3      | Reached XP level 6. HP: 27/36 MP: 6/9
  4880 | D:3      | Found a stormy altar of Qazlal.
  4890 | D:3      | Noticed a fire elemental
  4953 | D:3      | Noticed a water elemental
  4953 | D:3      | Noticed an air elemental
  5319 | D:3      | Found a transporter.
  5333 | D:3      | Found a transporter.
  5957 | D:4      | Noticed a phantom
  5967 | D:4      | Reached * piety under Hepliaklqana
  6177 | D:4      | Reached skill level 1 in Shields
  6245 | D:4      | Reached XP level 7. HP: 29/41 MP: 10/10
  6934 | D:4      | Reached skill level 5 in Ice Magic
  7154 | D:4      | Reached XP level 8. HP: 33/48 MP: 3/11
  7413 | D:4      | Found a staircase to the Ecumenical Temple.
  7574 | D:5      | Entered Level 5 of the Dungeon
  7676 | D:5      | Noticed Sigmund
  7807 | D:5      | Found an ancient bone altar of Kikubaaqudgha.
  7810 | D:5      | Found a deep blue altar of Sif Muna.
  7813 | D:5      | Found a sacrificial altar of Ru.
  7881 | D:5      | Killed Sigmund
  7904 | D:5      | Reached skill level 5 in Dodging
  8646 | D:5      | Found a blossoming altar of Fedhas.
  8807 | D:6      | Reached skill level 5 in Fighting
  9206 | D:6      | Noticed Prince Ribbit
  9310 | D:6      | Reached XP level 9. HP: 54/54 MP: 5/12
  9443 | D:6      | Noticed Grinder
  9478 | D:6      | Killed Grinder
  9768 | D:7      | Noticed a hornet
 10085 | D:6      | Learned a level 2 spell: Passwall
 10282 | D:7      | Reached skill level 5 in Summonings
 10785 | D:7      | Paralysed by a hornet for 3 turns
 10787 | D:7      | HP: 1/55 [hornet (10)]
 10788 | D:7      | Killed a hornet
 11224 | D:7      | Reached ** piety under Hepliaklqana
 12050 | D:7      | Reached XP level 10. HP: 57/62 MP: 13/13
 12051 | D:7      | Remembered your ancestor Msizi as a knight
 12668 | D:8      | Noticed Pikel
 12688 | D:8      | Killed Pikel
 12688 | D:8      | Reached skill level 1 in Charms
 12688 | D:8      | Reached skill level 1 in Transmutations
 12688 | D:8      | Reached skill level 1 in Earth Magic
 12756 | D:8      | Found a glowing golden altar of the Shining One.
 12822 | D:8      | Noticed a two-headed ogre
 13294 | D:8      | Killed a two-headed ogre
 14203 | D:9      | Found a staircase to the Orcish Mines.
 14235 | D:9      | Noticed a two-headed ogre
 14248 | D:9      | Killed a two-headed ogre
 14506 | D:9      | Reached *** piety under Hepliaklqana
 14627 | D:9      | Reached XP level 11. HP: 42/68 MP: 3/14
 15753 | D:6      | Killed Prince Ribbit
 16053 | D:6      | Found a bloodstained altar of Trog.
 16067 | D:6      | Found a hide-covered altar of Uskayaw.
 16244 | D:10     | Entered Level 10 of the Dungeon
 16479 | D:10     | Found a white marble altar of Elyvilon.
 16743 | D:10     | Learned a level 4 spell: Throw Icicle
 16999 | Orc:1    | Entered Level 1 of the Orcish Mines
 17022 | Orc:1    | HP: 3/69 [orc warrior/war axe (6)]
 17035 | D:9      | HP: 1/69 [orc warrior/tomahawk (13)]
 17851 | Orc:1    | Reached **** piety under Hepliaklqana
 18030 | Orc:1    | Found Ehalu's Antique Armour Emporium.
 18800 | D:11     | Found a staircase to the Lair.
 18914 | D:11     | Found Warch's Assorted Antiques.
 19049 | D:11     | Bought a scroll labeled DUNUMA YXOVU for 19 gold pieces
 19049 | D:11     | Bought a scroll labeled MOCUOG IDAO for 19 gold pieces
 19049 | D:11     | Bought a scroll labeled AGUWYJ ESHROT for 19 gold pieces
 19103 | D:11     | Reached XP level 12. HP: 75/75 MP: 15/15
 19255 | Lair:1   | Entered Level 1 of the Lair of Beasts
 20279 | Lair:2   | Noticed an eight-headed hydra
 20285 | Lair:2   | Killed an eight-headed hydra
 20576 | Lair:2   | Noticed a seven-headed hydra
 20604 | Lair:2   | Killed a seven-headed hydra
 21297 | Lair:2   | Reached skill level 1 in Invocations
 21297 | Lair:2   | Reached XP level 13. HP: 81/81 MP: 7/16
 21485 | Lair:2   | Found a hole to the Spider Nest.
 22592 | Lair:2   | Reached skill level 10 in Conjurations
 23774 | Lair:3   | Found a shimmering altar of Xom.
 23776 | Lair:3   | Noticed Sonja
 23854 | Lair:3   | Found a runed gate.
 23854 | Lair:3   | Found a runed gate.
 23854 | Lair:3   | Found a runed gate.
 23930 | Lair:3   | Noticed a minotaur
 23950 | Lair:3   | Noticed Zafes's ghost (journeyman MiBe)
 23973 | Lair:3   | Reached skill level 1 in Evocations
 24103 | Lair:3   | Found a staircase to the Swamp.
 24602 | Lair:3   | Reached ***** piety under Hepliaklqana
 24834 | Lair:3   | Killed Sonja
 25217 | Lair:4   | Learned a level 1 spell: Summon Butterflies
 26249 | Lair:4   | Reached skill level 10 in Dodging
 26595 | Lair:5   | Noticed Snorg
 26686 | Lair:5   | Found a dark tunnel.
 26711 | Volcano  | Entered a volcano
 26757 | Volcano  | Found a burning altar of Makhleb.
 27257 | Lair:5   | Reached skill level 10 in Fighting
 28899 | Lair:6   | Entered Level 6 of the Lair of Beasts
 28983 | Lair:6   | Reached skill level 10 in Ice Magic
 29087 | Lair:6   | Reached skill level 5 in Invocations
 29186 | Lair:6   | Reached XP level 14. HP: 66/89 MP: 0/17
 30210 | Lair:6   | Reached skill level 1 in Maces & Flails
 30677 | Lair:6   | Learned a level 1 spell: Apportation
 30739 | Lair:6   | Got a vibrating jade ring
 30752 | Lair:6   | Identified the ring "Zihelise" {+Blink SInv} (You found it
                  | on level 6 of the Lair of Beasts)
 31373 | Lair:6   | Reached skill level 1 in Translocations
 32367 | Lair:6   | Reached skill level 5 in Spellcasting
 32446 | Lair:6   | Found a staircase to the Slime Pits.
 32446 | Lair:6   | Found a viscous altar of Jiyva.
 32947 | Orc:2    | Entered Level 2 of the Orcish Mines
 33090 | Orc:1    | Found a bloodstained altar of Trog.
 33212 | Orc:2    | Noticed an orc warlord
 33485 | Orc:2    | Found a staircase to the Elven Halls.
 33499 | Orc:2    | Learned a level 3 spell: Tukima's Dance
 33695 | Orc:2    | Killed an orc warlord
 33716 | Orc:2    | Paralysed by an orc sorcerer for 6 turns
 33719 | Orc:2    | Reached skill level 1 in Hexes
 34685 | Orc:2    | Noticed Rupert
 34688 | Orc:2    | Paralysed by Rupert for 6 turns
 35670 | D:12     | Found an ancient bone altar of Kikubaaqudgha.
 35875 | D:13     | Reached XP level 15. HP: 93/97 MP: 22/22
 35938 | D:13     | Found an iron altar of Okawaru.
 36929 | D:13     | Reached ****** piety under Hepliaklqana
 37571 | D:14     | Reached skill level 5 in Maces & Flails
 39633 | Orc:2    | Found Igim's Magic Scroll Boutique.
 39633 | Orc:2    | Found Desianat's General Store.
 39633 | Orc:2    | Found Eloahar's Armour Emporium.
 39673 | Orc:2    | Found Zuuvuis's Book Shop.
 39683 | Orc:2    | Bought a scroll of enchant weapon for 97 gold pieces
 39683 | Orc:2    | Bought a scroll of identify for 26 gold pieces
 39686 | Orc:2    | Bought a scroll of identify for 34 gold pieces
 39686 | Orc:2    | Bought a scroll of identify for 34 gold pieces
 39686 | Orc:2    | Bought a scroll of magic mapping for 59 gold pieces
 39692 | Orc:2    | Bought a manual of Stealth for 1656 gold pieces
 40173 | Lair:5   | Killed Snorg
 40619 | Lair:3   | Killed Zafes's ghost
 40889 | Lair:3   | Reached XP level 16. HP: 103/103 MP: 6/23
 40893 | Lair:3   | Learned a level 2 spell: Sticks to Snakes
 41984 | Swamp:1  | Entered Level 1 of the Swamp
 42468 | Orc:2    | Bought a book of Cantrips for 300 gold pieces
 42470 | Orc:2    | Learned a level 1 spell: Animate Skeleton
 42848 | Swamp:1  | Reached skill level 1 in Necromancy
 44686 | Spider:1 | Entered Level 1 of the Spider Nest
 45919 | D:14     | Reached skill level 10 in Stealth
 46572 | D:14     | Found a gate to the Vaults.
 47077 | D:14     | Got a coiled lead amulet
 47078 | D:14     | Identified the amulet "Zunupp" {Gourm rN+} (You found it on
                  | level 14 of the Dungeon)
 47205 | D:15     | Entered Level 15 of the Dungeon
 48954 | D:15     | Reached XP level 17. HP: 109/109 MP: 17/24
 49553 | D:15     | Found a staircase to the Depths.
 49950 | Orc:2    | Paralysed by Rupert for 6 turns
 49965 | Orc:2    | Killed Rupert
 50185 | Orc:2    | Found Plog's Gadget Emporium.
 51663 | Swamp:3  | Found a snail-covered altar of Cheibriados.
 52681 | Swamp:4  | Entered Level 4 of the Swamp
 53694 | Swamp:4  | Learned a level 5 spell: Borgnjor's Vile Clutch
 57841 | Swamp:4  | Got a decaying rune of Zot
 58152 | Vaults:1 | Entered Level 1 of the Vaults
 58176 | Vaults:1 | Noticed Asterion
 58547 | Vaults:1 | Reached skill level 5 in Necromancy
 58547 | Vaults:1 | Reached skill level 5 in Earth Magic
 59125 | Vaults:1 | Found Boeshrow's Antique Weapon Shop.
 59905 | Vaults:1 | Noticed an Executioner
 60237 | Vaults:1 | Reached XP level 18. HP: 79/117 MP: 2/26
 61728 | Vaults:2 | HP: 4/117 [deep elf archer/arrow (3)]
 62291 | Vaults:2 | Cast into level 3 of the Abyss (a deep elf sorcerer)
 62325 | Abyss:3  | Noticed a bone dragon
 62330 | Abyss:3  | Killed from afar by a starcursed mass

Vault maps used:
D:1:      giann_wishing_wells, minmay_lizard_pond
D:2:      cheibrodos_helix_gallery, gammafunk_temple_overflow_arena,
          nicolae_ashenzari_panopticon, nicolae_overflow_crystal_walls
D:3:      gammafunk_steamed_eel, nicolae_qazlal_style_of_elements,
          serial_curves, eino_curves_02, eino_curves_03, minmay_misc_feat_cross
D:4:      minmay_temple_entry_large_hall, dk_noncrumbling_4
D:5:      grunt_temple_overflow_diamond, fedhas_altar_3, first_ration,
          kennysheep_small_square, uniq_sigmund
D:6:      amethyst_overflow_temple_binary, dk_rats_in_the_wall,
          uniq_prince_ribbit1, uniq_grinder
D:7:      cheibrodos_fertilizer, grunt_livestock
D:8:      nicolae_tso_besieged_by_evil, uniq_pikel
D:9:      hiddenorc2_lemuel
D:10:     elyvilon_altar_1
D:11:     erik_lair_orcish_takeover, serial_shops,
          nicolae_shop_overgrown_old_shop
D:12:     lemuel_tele_altar
D:13:     basic_altar, solitary_fountain
D:14:     kennysheep_six_static_rooms, hangedman_vaults_entry_quadrant_bands,
          minmay_misc_feat_secret_circle, hangedman_abyss_or_decor_lesser_grid
D:15:     hangedman_depths_entry_try_elsewhere_first, dk_noncrumbling_3
Lair:1:   st_stairs_3, minivault_25
Lair:2:   nicolae_spider_entry_non_spiders, portal_ice_cave_entry_ice_beasts
Lair:3:   swamp_mist, basic_altar, maelrawn_ghost_labyrinth_escape,
          grunt_megastairs_3, uniq_sonja
Lair:4:   minivault_24, guppyfry_lair_drakes
Lair:5:   enter_volcano_1, uniq_snorg
Lair:6:   minmay_lair_end_frog_pond, slime_altar_1, lookout_lair_type,
          cheibrodos_lair_lostbears
Swamp:1:  evilmike_swamp_ruin_rubble_2, swamp_pool4
Swamp:2:  serial_swamp_ruin, evilmike_swamp_ruin_rubble_1,
          hangedman_swamp_ruin_wall, evilmike_swamp_ruin_house_1
Swamp:3:  basic_altar, infiniplex_staircase_pool
Swamp:4:  swamp_pestilence
Spider:1: ebering_ghost_inner_flame, uniq_kirke
Orc:1:    serial_shops, nicolae_shop_waterfront, trog_book
Orc:2:    st_orc_rangers, serial_shops, nicolae_shop_window_shopping,
          uniq_rupert
Vaults:1: ontoclasm_vaults_hangar, hangedman_vaults_corner_blocks,
          v_alt_pattern_3, v_misc_3, v_pattern_3,
          vaults_room_hangedman_quadrants, ontoclasm_vaults_decontamination,
          serial_shops, nicolae_shop_trees, uniq_asterion
Vaults:2: grunt_vaults_swirl, nicolae_vaults_three_branches,
          nicolae_vaults_asterisk, v_misc_10, v_misc_13,
          nicolae_vaults_network_quincunx, nicolae_vaults_minivaults,
          nicolae_vaults_little_squares_2, hangedman_vaults_maws,
          nicolae_vaults_diagonal_hallway_7, grunt_vaults_focal,
          vaults_room_door_ring, v_misc_10, vaults_mumra_lcd
Abyss:3:  nicolae_abyss_rune_star_stuff, guppyfry_abyss_exit_imp_island
Volcano:  kennysheep_volcano_temple

Skill      XL: |  1  2  3  4  5  6  7  8  9 10 11 12 13 14 15 16 17 18 |
---------------+-------------------------------------------------------+-----
Fighting       | 1 2 3 4 5 6 7 8 9 10 11 12 13 | 13.7
Dodging        | 3 4 5 6 8 9 10 12 13 | 13.8
Ice Magic      | 4 5 6 7 8 10 | 10.0
Summonings     | 1 2 3 4 5 7 |  7.3
Shields        | 1 2 3 4 |  4.1
Charms         | 2 3 |  3.5
Transmutations | 2 3 |  3.0
Earth Magic    | 2 3 6 7 |  7.8
Conjurations   | 9 10 | 10.0
Stealth        | 3 7 12 | 12.5
Invocations    | 1 5 |  5.5
Evocations     | 3 |  3.0
Maces & Flails | 4 6 7 9 |  9.8
Spellcasting   | 5 6 |  6.1
Translocations | 2 |  2.5
Hexes          | 2 4 |  4.5
Necromancy     | 3 6 7 |  7.8

Action                   |  1- 3 |  4- 6 |  7- 9 | 10-12 | 13-15 | 16-18 || total
-------------------------+-------+-------+-------+-------+-------+-------++-------
Melee: Unarmed           |    59 |    55 |       |       |       |       ||   114
       Constrict         |    22 |    40 |    48 |    95 |    62 |    76 ||   343
       Tentacles         |     6 |    15 |    34 |    78 |    78 |   112 ||   323
       Whip              |       |    27 |   186 |   356 |    22 |       ||   591
       Long sword        |       |    14 |       |       |       |       ||    14
       Dagger            |       |       |       |    28 |       |       ||    28
       Demon whip        |       |       |       |       |   295 |   546 ||   841
       Staff             |       |       |       |       |     1 |       ||     1
 Fire: Hunting sling     |       |    19 |    39 |    24 |       |       ||    82
       Blowgun           |       |       |       |       |       |    17 ||    17
Throw: Stone             |    15 |    66 |    20 |    86 |    10 |    16 ||   213
       Tomahawk          |       |    10 |       |       |       |       ||    10
       Throwing net      |       |       |       |       |       |     1 ||     1
 Cast: Freeze            |    40 |    46 |    42 |    19 |    85 |    33 ||   265
       Ozocubu's Armour  |       |     1 |       |    16 |     8 |       ||    25
       Summon Ice Beast  |       |       |    21 |    51 |   185 |   252 ||   509
       Throw Icicle      |       |       |       |    11 |   168 |    44 ||   223
       Tukima's Dance    |       |       |       |       |    17 |     4 ||    21
       Summon Butterflie |       |       |       |       |     5 |     9 ||    14
       Apportation       |       |       |       |       |     3 |    22 ||    25
       Animate Skeleton  |       |       |       |       |       |    68 ||    68
       Sticks to Snakes  |       |       |       |       |       |     8 ||     8
       Borgnjor's Vile C |       |       |       |       |       |     4 ||     4
Invok: Recall Ancestor   |       |       |       |     4 |     6 |    12 ||    22
       Ancestor Life: Kn |       |       |       |     1 |       |       ||     1
 Abil: Evoke Blink       |       |       |       |       |       |     4 ||     4
Evoke: Wand              |       |       |     2 |     5 |     4 |     2 ||    13
  Use: Potion            |       |     2 |     2 |     4 |     3 |     8 ||    19
       Scroll            |       |     1 |     1 |    12 |    20 |    14 ||    48
 Stab: Sleeping          |     7 |     4 |     5 |     8 |     3 |    17 ||    44
       Distracted        |     1 |       |     2 |     4 |     3 |    10 ||    20
       Paralysed         |       |       |       |       |     1 |       ||     1
       Petrified         |       |       |       |       |     6 |       ||     6
  Eat: Chunk             |     3 |    11 |    13 |    36 |    69 |    81 ||   213
       Ration            |       |     1 |     4 |     2 |    17 |    10 ||    34
Armor: Skin              |    13 |    14 |     8 |     8 |     7 |     7 ||    57
Dodge: Dodged            |    67 |   159 |   142 |   272 |   441 |   387 ||  1468
Block: Buckler           |       |       |    35 |    76 |   112 |   107 ||   330
       Rpst.: Long sword |       |     4 |       |       |       |       ||     4

Table legend:
 A = Non-vault XP
 B = Vault XP
 C = Vault XP percentage of total XP
 D = Non-vault monster count
 E = Vault monster count
 F = Vault count percentage of total count
                 A         B        C        D         E       F
            +---------+---------+-------+---------+---------+-------
      Total |  132558 |   73423 |  35.6 |     710 |     338 |  32.3
            +---------+---------+-------+---------+---------+-------
        D:1 |      53 |       5 |   8.6 |      31 |       5 |  13.9
        D:2 |     132 |      83 |  38.6 |      29 |       6 |  17.1
        D:3 |     344 |       0 |   0.0 |      40 |       0 |   0.0
        D:4 |     768 |       0 |   0.0 |      27 |       0 |   0.0
        D:5 |     378 |     354 |  48.4 |      15 |       4 |  21.1
        D:6 |     548 |     453 |  45.3 |      15 |       3 |  16.7
        D:7 |    1758 |    1452 |  45.2 |      51 |      21 |  29.2
        D:8 |    1193 |     718 |  37.6 |      17 |      12 |  41.4
        D:9 |    2040 |     362 |  15.1 |      38 |      32 |  45.7
       D:10 |    1261 |       0 |   0.0 |      16 |       0 |   0.0
       D:11 |    3273 |     556 |  14.5 |      25 |       9 |  26.5
       D:12 |    3522 |       0 |   0.0 |      13 |       0 |   0.0
       D:13 |    4545 |       0 |   0.0 |      24 |       0 |   0.0
       D:14 |    4506 |    8213 |  64.6 |      19 |      19 |  50.0
       D:15 |   14457 |    1709 |  10.6 |      45 |       3 |   6.2
     Lair:1 |     668 |     486 |  42.1 |       3 |       4 |  57.1
     Lair:2 |    5689 |    1233 |  17.8 |      15 |      14 |  48.3
     Lair:3 |    1767 |    2670 |  60.2 |      10 |       4 |  28.6
     Lair:4 |    3392 |     536 |  13.6 |      14 |       3 |  17.6
     Lair:5 |    3529 |    3496 |  49.8 |      15 |      28 |  65.1
     Lair:6 |    8381 |   15602 |  65.1 |      30 |      60 |  66.7
    Swamp:1 |    9964 |       0 |   0.0 |      32 |       0 |   0.0
    Swamp:2 |    5652 |       0 |   0.0 |      22 |       0 |   0.0
    Swamp:3 |    8998 |       0 |   0.0 |      27 |       0 |   0.0
    Swamp:4 |   11791 |    8582 |  42.1 |      29 |      39 |  57.4
   Spider:1 |    2055 |       0 |   0.0 |       7 |       0 |   0.0
      Orc:1 |    1707 |       0 |   0.0 |      10 |       0 |   0.0
      Orc:2 |    3489 |    7154 |  67.2 |      37 |      41 |  52.6
   Vaults:1 |   17384 |   12992 |  42.8 |      39 |      18 |  31.6
   Vaults:2 |    9314 |    2871 |  23.6 |      15 |       5 |  25.0
    Volcano |       0 |    3896 | 100.0 |       0 |       8 | 100.0
            +---------+---------+-------+---------+---------+-------
